| TOP OF THE 1ST |
|
Niagara Falls Phantoms batting - Pitching for York Revolution : RHP Victor Hurtado
|
|
Pitching: RHP Victor Hurtado
|
|
|
Batting: LHB Aaron Joyner
|
0-0: Called Strike 0-1: Fly out, F6 (Flyball, 6D, EV 88.1 MPH)
|
|
Batting: SHB Mukhtar Wa'il
|
0-0: Called Strike 0-1: Ball 1-1: Ball 2-1: Swinging Strike 2-2: Strikes out swinging, 2-3 out at first.
|
|
Batting: RHB Devon Utley
|
0-0: Ball 1-0: Called Strike 1-1: Foul Ball, location: 2F 1-2: Foul Ball, location: 2F 1-2: TRIPLE (Line Drive, 9LD, EV 101.2 MPH)
|
|
Batting: LHB Jose Lebron
|
0-0: Ball 1-0: Foul Ball, location: 2F 1-1: Called Strike 1-2: Fly out, F8 (Line Drive, 8LD, EV 88.8 MPH)
|
| Top of the 1st over - 0 runs, 1 hit, 0 errors, 1 left on base; Niagara Falls 0 - York 0 |
| BOTTOM OF THE 1ST |
|
York Revolution batting - Pitching for Niagara Falls Phantoms : RHP Aneirin Cadwallader
|
|
Pitching: RHP Aneirin Cadwallader
|
|
|
Batting: RHB Tony Perez
|
0-0: Ball 1-0: Ball 2-0: Ball 3-0: Called Strike 3-1: Swinging Strike 3-2: Strikes out looking
|
|
Batting: RHB Chris Myers
|
0-0: Ball 1-0: Ball 2-0: Called Strike 2-1: Called Strike 2-2: Ball 3-2: Foul Ball, location: 2F 3-2: Ground out 6-3 (Groundball, 6M, EV 108.1 MPH)
|
|
Batting: RHB Trent Hedrick
|
0-0: Foul Ball, location: 2F 0-1: Ball 1-1: Swinging Strike 1-2: Ball 2-2: Ball 3-2: Strikes out swinging
|
| Bottom of the 1st over - 0 runs, 0 hits, 0 errors, 0 left on base; Niagara Falls 0 - York 0 |
| TOP OF THE 2ND |
|
Niagara Falls Phantoms batting - Pitching for York Revolution : RHP Victor Hurtado
|
|
Batting: RHB Alex Colon
|
0-0: Ball 1-0: Ball 2-0: Foul Ball, location: 2F 2-1: Foul Ball, location: 2F 2-2: Foul Ball, location: 2F 2-2: Ball 3-2: Foul Ball, location: 2F 3-2: SINGLE (Groundball, 6MS, EV 65.0 MPH) (infield hit)
|
|
Batting: LHB Bart Davies
|
0-0: Foul Ball, location: 2F 0-1: Ball 1-1: SINGLE (Groundball, 4MD, EV 101.9 MPH) Alex Colon to second Runner from 2nd tries for 3rd, SAFE, throw by CF made to third
|
|
Batting: RHB Dale Altman
|
0-0: Foul Ball, location: 2F 0-1: Fly out, F8 (Flyball, 8RXD, EV 102.5 MPH) Runner from 3rd tags up, SCORES, no throw by CF
|
|
Batting: RHB Nazeeh Zubair
|
0-0: Ball 1-0: Foul Ball, location: 2F 1-1: Grounds into double play, 6-4-3 (Groundball, 6, EV 103.8 MPH)
|
| Top of the 2nd over - 1 run, 2 hits, 0 errors, 0 left on base; Niagara Falls 1 - York 0 |
| BOTTOM OF THE 2ND |
|
York Revolution batting - Pitching for Niagara Falls Phantoms : RHP Aneirin Cadwallader
|
|
Batting: RHB Jose Corral
|
0-0: Swinging Strike 0-1: Foul Ball, location: 2F 0-2: Ball 1-2: Ball 2-2: Strikes out looking
|
|
Batting: RHB Danny Habermehl
|
0-0: Ball 1-0: Called Strike 1-1: Called Strike 1-2: Ball 2-2: Ball 3-2: Foul Ball, location: 2F 3-2: Fly out, F9 (Flyball, 9S, EV 89.4 MPH)
|
|
Batting: RHB Joe Hewitt
|
0-0: Ball 1-0: Called Strike 1-1: Ball 2-1: Foul Ball, location: 2F 2-2: Strikes out swinging, 2-3 out at first.
|
| Bottom of the 2nd over - 0 runs, 0 hits, 0 errors, 0 left on base; Niagara Falls 1 - York 0 |
| TOP OF THE 3RD |
|
Niagara Falls Phantoms batting - Pitching for York Revolution : RHP Victor Hurtado
|
|
Batting: RHB Christian Shearer
|
0-0: Ball 1-0: Ball 2-0: Foul Ball, location: 2F 2-1: Foul Ball, location: 2F 2-2: Ball 3-2: Strikes out looking
|
|
Batting: LHB Aaron Joyner
|
0-0: Ball 1-0: Foul Ball, location: 2F 1-1: Ball 2-1: Foul Ball, location: 2F 2-2: Ball 3-2: Strikes out swinging
|
|
Batting: SHB Mukhtar Wa'il
|
0-0: Foul Ball, location: 2F 0-1: Swinging Strike 0-2: Ground out 4-3 (Groundball, 4, EV 81.9 MPH)
|
| Top of the 3rd over - 0 runs, 0 hits, 0 errors, 0 left on base; Niagara Falls 1 - York 0 |
| BOTTOM OF THE 3RD |
|
York Revolution batting - Pitching for Niagara Falls Phantoms : RHP Aneirin Cadwallader
|
|
Batting: RHB Dave Gallegos
|
0-0: Called Strike 0-1: Ball 1-1: Fly out, F9 (Flyball, 9, EV 90.6 MPH)
|
|
Batting: SHB Brett St. Clair
|
0-0: Swinging Strike 0-1: Swinging Strike 0-2: Ball 1-2: Ball 2-2: Strikes out looking
|
|
Batting: SHB Marco de Leon
|
0-0: Ball 1-0: Ball 2-0: Ball 3-0: Called Strike 3-1: Base on Balls
|
|
Batting: RHB Tony Perez
|
0-0: Ball 1-0: Called Strike 1-1: Foul Ball, location: 2F 1-2: Ball 2-2: Ball 3-2: SINGLE (Groundball, 34D, EV 97.5 MPH) Marco de Leon to second Marco de Leon to third
|
|
Batting: RHB Chris Myers
|
0-0: Called Strike 0-1: Foul Ball, location: 2F 0-2: Fly out, F8 (Flyball, 8LS, EV 83.1 MPH)
|
| Bottom of the 3rd over - 0 runs, 1 hit, 0 errors, 2 left on base; Niagara Falls 1 - York 0 |
| TOP OF THE 4TH |
|
Niagara Falls Phantoms batting - Pitching for York Revolution : RHP Victor Hurtado
|
|
Batting: RHB Devon Utley
|
0-0: Called Strike 0-1: Ball 1-1: Ball 2-1: Fly out, F7 (Flyball, 7LS, EV 93.8 MPH)
|
|
Batting: LHB Jose Lebron
|
0-0: Ball 1-0: Fly out, F7 (Flyball, 7LM, EV 96.9 MPH)
|
|
Batting: RHB Alex Colon
|
0-0: Ball 1-0: Ball 2-0: Foul Ball, location: 2F 2-1: Foul Ball, location: 2F 2-2: Ball 3-2: Strikes out swinging
|
| Top of the 4th over - 0 runs, 0 hits, 0 errors, 0 left on base; Niagara Falls 1 - York 0 |
| BOTTOM OF THE 4TH |
|
York Revolution batting - Pitching for Niagara Falls Phantoms : RHP Aneirin Cadwallader
|
|
Batting: RHB Trent Hedrick
|
0-0: Fly out, F3 (Line Drive, 3, EV 71.9 MPH)
|
|
Batting: RHB Jose Corral
|
0-0: Called Strike 0-1: Foul Ball, location: 2F 0-2: Foul Ball, location: 2F 0-2: Strikes out looking
|
|
Batting: RHB Danny Habermehl
|
0-0: Called Strike 0-1: Ball 1-1: Ball 2-1: Ball 3-1: Fly out, F7 (Flyball, 7S, EV 88.1 MPH)
|
| Bottom of the 4th over - 0 runs, 0 hits, 0 errors, 0 left on base; Niagara Falls 1 - York 0 |
| TOP OF THE 5TH |
|
Niagara Falls Phantoms batting - Pitching for York Revolution : RHP Victor Hurtado
|
|
Batting: LHB Bart Davies
|
0-0: Called Strike 0-1: Ball 1-1: Ball 2-1: SINGLE (Line Drive, 4D, EV 98.1 MPH)
|
|
Batting: RHB Dale Altman
|
0-0: Foul Ball, location: 2F 0-1: Reached on error, E3 (Groundball, 34, EV 108.1 MPH) Bart Davies to second
|
|
Batting: RHB Nazeeh Zubair
|
0-0: Foul Ball, location: 2F 0-1: Called Strike 0-2: Ball 1-2: Ball 2-2: Ball 3-2: Base on Balls Bart Davies to third Dale Altman to second
|
|
Batting: RHB Christian Shearer
|
0-0: Ball 1-0: Called Strike 1-1: Ball 2-1: Swinging Strike 2-2: Fly out, F8 (Flyball, 8LS, EV 76.9 MPH)
|
|
Batting: LHB Aaron Joyner
|
0-0: Ball 1-0: DOUBLE (Line Drive, 7LS, EV 106.9 MPH) Bart Davies scores Dale Altman scores Nazeeh Zubair to third
|
|
Batting: SHB Mukhtar Wa'il
|
0-0: Called Strike 0-1: Ground out 4-3 (Groundball, 4MD, EV 76.9 MPH) Nazeeh Zubair scores Aaron Joyner to third
|
|
Batting: RHB Devon Utley
|
0-0: Ball 1-0: Swinging Strike 1-1: Swinging Strike 1-2: Strikes out swinging
|
| Top of the 5th over - 3 runs, 2 hits, 1 error, 1 left on base; Niagara Falls 4 - York 0 |
| BOTTOM OF THE 5TH |
|
York Revolution batting - Pitching for Niagara Falls Phantoms : RHP Aneirin Cadwallader
|
|
Batting: RHB Joe Hewitt
|
0-0: Ball 1-0: DOUBLE (Line Drive, 9LS, EV 88.8 MPH)
|
|
Batting: RHB Dave Gallegos
|
0-0: Called Strike 0-1: Ball 1-1: Swinging Strike 1-2: Foul Ball, location: 2F 1-2: Ball 2-2: Strikes out swinging
|
|
Batting: SHB Brett St. Clair
|
0-0: Called Strike Joe Hewitt is caught stealing 3rd base 2-5 0-1: SINGLE (Line Drive, 6D, EV 96.9 MPH)
|
|
Batting: SHB Marco de Leon
|
0-0: Called Strike 0-1: Ball 1-1: Foul Ball, location: 2F 1-2: Ball 2-2: Foul Ball, location: 2F 2-2: Ball 3-2: Base on Balls Brett St. Clair to second
|
|
Pitching: LHP Matt Cusatis
|
|
|
Batting: RHB Tony Perez
|
0-0: Called Strike 0-1: Fly out, F9 (Line Drive, 9, EV 95.0 MPH)
|
| Bottom of the 5th over - 0 runs, 2 hits, 0 errors, 2 left on base; Niagara Falls 4 - York 0 |
| TOP OF THE 6TH |
|
Niagara Falls Phantoms batting - Pitching for York Revolution : RHP Victor Hurtado
|
|
Batting: LHB Jose Lebron
|
0-0: Ball 1-0: Ball 2-0: Ball 3-0: Called Strike 3-1: Base on Balls
|
|
Batting: RHB Alex Colon
|
0-0: Ball 1-0: Ball 2-0: Called Strike 2-1: SINGLE (Groundball, 5S, EV 66.2 MPH) (infield hit) Jose Lebron to second
|
|
Batting: LHB Bart Davies
|
0-0: Swinging Strike 0-1: Ball 1-1: Ball 2-1: SINGLE (Groundball, 4MD, EV 108.8 MPH) Jose Lebron to third Alex Colon to second
|
|
Batting: RHB Dale Altman
|
0-0: Ball 1-0: Called Strike 1-1: SINGLE (Flyball, 89S, EV 84.4 MPH) Jose Lebron scores Alex Colon to third Bart Davies to second Runner from 3rd tries for Home, SAFE, throw by RF to home
|
|
Batting: RHB Nazeeh Zubair
|
0-0: Called Strike 0-1: Foul Ball, location: 2F 0-2: Foul Ball, location: 2F 0-2: Ball 1-2: Ball 2-2: Grounds into double play, 5-4-3 (Groundball, 56, EV 83.8 MPH) Bart Davies to third
|
|
Batting: RHB Christian Shearer
|
0-0: Ball 1-0: Called Strike 1-1: Ball 2-1: Foul Ball, location: 2F 2-2: Ball 3-2: Foul Ball, location: 2F 3-2: Base on Balls
|
|
Pitching: RHP Francisco Tejada
|
|
|
Batting: LHB Aaron Joyner
|
0-0: Ball 1-0: Ball 2-0: Foul Ball, location: 2F 2-1: Foul Ball, location: 2F 2-2: SINGLE (Line Drive, 4MD, EV 110.0 MPH) Bart Davies scores Christian Shearer to second Runner from 2nd tries for 3rd, SAFE, throw by CF made to third
|
|
Batting: SHB Mukhtar Wa'il
|
0-0: SINGLE (Groundball, 34D, EV 96.9 MPH) Christian Shearer scores Aaron Joyner to second
|
|
Batting: RHB Devon Utley
|
0-0: DOUBLE (Line Drive, 5D, EV 105.0 MPH) Aaron Joyner scores Mukhtar Wa'il to third
|
|
Batting: LHB Jose Lebron
|
0-0: Ball 1-0: Foul Ball, location: 2F 1-1: Ball 2-1: Ball 3-1: Foul Ball, location: 2F 3-2: Base on Balls
|
|
Batting: RHB Alex Colon
|
0-0: Ball 1-0: Called Strike 1-1: Ball 2-1: Ball 3-1: Ground out 4-3 (Groundball, 4S, EV 92.5 MPH)
|
| Top of the 6th over - 5 runs, 6 hits, 0 errors, 3 left on base; Niagara Falls 9 - York 0 |
| BOTTOM OF THE 6TH |
|
York Revolution batting - Pitching for Niagara Falls Phantoms : LHP Matt Cusatis
|
|
Batting: RHB Chris Myers
|
0-0: Foul Ball, location: 2F 0-1: Ball 1-1: Called Strike 1-2: Foul Ball, location: 2F 1-2: Ball 2-2: Foul Ball, location: 2F 2-2: Ball 3-2: SINGLE (Groundball, 6S, EV 69.4 MPH) (infield hit)
|
|
Batting: RHB Trent Hedrick
|
0-0: Ball 1-0: Called Strike 1-1: Ball 2-1: Ball 3-1: SINGLE (Line Drive, 89S, EV 110.6 MPH) Chris Myers to second
|
|
Batting: RHB Jose Corral
|
0-0: Ball 1-0: Ball 2-0: Swinging Strike 2-1: Ball 3-1: Grounds into double play, 4-6-3 (Groundball, 4, EV 88.8 MPH) Chris Myers to third
|
|
Batting: RHB Danny Habermehl
|
0-0: Ball 1-0: Foul Ball, location: 2F 1-1: Ball 2-1: Ball 3-1: Called Strike 3-2: Fly out, F9 (Flyball, 89S, EV 90.0 MPH)
|
| Bottom of the 6th over - 0 runs, 2 hits, 0 errors, 1 left on base; Niagara Falls 9 - York 0 |
| TOP OF THE 7TH |
|
Niagara Falls Phantoms batting - Pitching for York Revolution : RHP Francisco Tejada
|
|
Batting: LHB Bart Davies
|
0-0: Swinging Strike 0-1: Ball 1-1: Ball 2-1: Called Strike 2-2: Ball 3-2: Ground out 3-1 (Groundball, 34S, EV 83.1 MPH)
|
|
Batting: RHB Dale Altman
|
0-0: Ball 1-0: Called Strike 1-1: Foul Ball, location: 2F 1-2: Foul Ball, location: 2F 1-2: Strikes out swinging
|
|
Batting: RHB Nazeeh Zubair
|
0-0: Swinging Strike 0-1: Swinging Strike 0-2: SINGLE (Flyball, 89S, EV 91.2 MPH)
|
|
Batting: RHB Christian Shearer
|
0-0: Ball 1-0: Swinging Strike 1-1: Swinging Strike 1-2: Strikes out swinging
|
| Top of the 7th over - 0 runs, 1 hit, 0 errors, 1 left on base; Niagara Falls 9 - York 0 |
| BOTTOM OF THE 7TH |
|
York Revolution batting - Pitching for Niagara Falls Phantoms : LHP Matt Cusatis
|
|
Batting: RHB Joe Hewitt
|
0-0: Called Strike 0-1: Ball 1-1: Called Strike 1-2: Ground out 1-3 (Groundball, 13S, EV 65.6 MPH)
|
|
Batting: RHB Dave Gallegos
|
0-0: Ball 1-0: Ball 2-0: SINGLE (Line Drive, 56, EV 100.0 MPH)
|
|
Batting: SHB Brett St. Clair
|
0-0: Ball 1-0: SINGLE (Flyball, 8LS, EV 83.8 MPH) Dave Gallegos to second
|
|
Batting: SHB Marco de Leon
|
0-0: Swinging Strike 0-1: Swinging Strike 0-2: Ball 1-2: Strikes out swinging
|
|
Batting: RHB Tony Perez
|
0-0: Foul Ball, location: 2F 0-1: Called Strike 0-2: TRIPLE (Line Drive, 89XD, EV 106.2 MPH) Dave Gallegos scores Brett St. Clair scores
|
|
Pitching: RHP Jimmy Wilder
|
|
|
Pinch Hitting: RHB Jake Cox
|
0-0: Foul Ball, location: 2F 0-1: Ball 1-1: Ball 2-1: Fly out, F9 (Flyball, 9S, EV 91.9 MPH)
|
| Bottom of the 7th over - 2 runs, 3 hits, 0 errors, 1 left on base; Niagara Falls 9 - York 2 |
| TOP OF THE 8TH |
|
Niagara Falls Phantoms batting - Pitching for York Revolution : RHP Francisco Tejada
|
|
Pitching: LHP Hiroshi Mukae
|
|
|
Now at 2B: Jake Cox
|
|
|
Batting: LHB Aaron Joyner
|
0-0: Foul Ball, location: 2F 0-1: Ball 1-1: Ground out U3 (Groundball, 3L, EV 88.1 MPH)
|
|
Batting: SHB Mukhtar Wa'il
|
0-0: Foul Ball, location: 2F 0-1: Fly out, F9 (Flyball, 89S, EV 96.2 MPH)
|
|
Batting: RHB Devon Utley
|
0-0: Called Strike 0-1: Swinging Strike 0-2: Strikes out looking
|
| Top of the 8th over - 0 runs, 0 hits, 0 errors, 0 left on base; Niagara Falls 9 - York 2 |
| BOTTOM OF THE 8TH |
|
York Revolution batting - Pitching for Niagara Falls Phantoms : RHP Jimmy Wilder
|
|
Pinch Hitting: LHB Emilio Ortez
|
0-0: Called Strike 0-1: Called Strike 0-2: Ball 1-2: Strikes out swinging
|
|
Batting: RHB Jose Corral
|
0-0: Ball 1-0: Called Strike 1-1: Ball 2-1: Ball 3-1: Fly out, F8 (Flyball, 8RD, EV 106.2 MPH)
|
|
Batting: RHB Danny Habermehl
|
0-0: Swinging Strike 0-1: Ball 1-1: Swinging Strike 1-2: Strikes out swinging
|
| Bottom of the 8th over - 0 runs, 0 hits, 0 errors, 0 left on base; Niagara Falls 9 - York 2 |
| TOP OF THE 9TH |
|
Niagara Falls Phantoms batting - Pitching for York Revolution : LHP Hiroshi Mukae
|
|
Now at 1B: Emilio Ortez
|
|
|
Batting: LHB Jose Lebron
|
0-0: Ball 1-0: Ball 2-0: Called Strike 2-1: Ball 3-1: SINGLE (Line Drive, 8RS, EV 85.6 MPH)
|
|
Batting: RHB Alex Colon
|
0-0: Called Strike 0-1: Foul Ball, location: 2F 0-2: Ball 1-2: Strikes out swinging
|
|
Batting: LHB Bart Davies
|
0-0: Ball 1-0: Ball 2-0: Foul Ball, location: 2F 2-1: Ball 3-1: Base on Balls Jose Lebron to second
|
|
Batting: RHB Dale Altman
|
0-0: Called Strike 0-1: Grounds into double play, 4-6-3 (Groundball, 34, EV 105.0 MPH)
|
| Top of the 9th over - 0 runs, 1 hit, 0 errors, 1 left on base; Niagara Falls 9 - York 2 |
| BOTTOM OF THE 9TH |
|
York Revolution batting - Pitching for Niagara Falls Phantoms : RHP Jimmy Wilder
|
|
Batting: RHB Joe Hewitt
|
0-0: Ball 1-0: Called Strike 1-1: Ball 2-1: Ball 3-1: Foul Ball, location: 2F 3-2: Foul Ball, location: 2F 3-2: SINGLE (Groundball, 6MD, EV 95.0 MPH)
|
|
Pitching: RHP Mark Stafford
|
|
|
Batting: RHB Dave Gallegos
|
0-0: Foul Ball, location: 2F 0-1: SINGLE (Line Drive, 56, EV 96.9 MPH) Joe Hewitt to second
|
|
Batting: SHB Brett St. Clair
|
0-0: Called Strike 0-1: Ball 1-1: Called Strike 1-2: Ball 2-2: Strikes out swinging
|
|
Batting: SHB Marco de Leon
|
0-0: Foul Ball, location: 2F 0-1: Ball 1-1: Called Strike 1-2: Strikes out swinging
|
|
Batting: RHB Tony Perez
|
0-0: Called Strike 0-1: Called Strike 0-2: Fly out, F8 (Flyball, 8LS, EV 85.6 MPH)
|
| Bottom of the 9th over - 0 runs, 2 hits, 0 errors, 2 left on base; Niagara Falls 9 - York 2 |
|